 Dungeon Crawl Stone Soup version 0.20-a0-839-gdaf5c57 (webtiles) character file.

959 4thArraOfDagon the Digger (level 7, -9/50 HPs)
             Began as a Demigod Wanderer on Mar 8, 2017.
             Mangled by an orc
             ... wielding a +0 halberd
              (15 damage)
             ... in a bailey.
             The game lasted 00:10:51 (2185 turns).

4thArraOfDagon the Digger (Demigod Wanderer)        Turns: 2185, Time: 00:10:51

Health: -9/50      AC:  3    Str: 20    XL:     7   Next: 60%
Magic:  14/24      EV: 11    Int: 22    God:
Gold:   175        SH:  0    Dex: 20    Spells: 4/13 levels left

rFire    + . .     SeeInvis .   x - +3 short sword "Worhamm" {freeze, Int+3 Dex+4 Stlth-}
rCold    x . .     Gourm    .   d - +0 robe
rNeg     . . .     Faith    .   (no shield)
rPois    .         Spirit   .   (no helmet)
rElec    .         Reflect  .   v - +0 cloak
rCorr    .         Harm     .   (no gloves)
MR       .....                  (no boots)
Stlth    +.........             (no amulet)
Regen    0.2/turn               p - ring of fire
MPRegen  0.2/turn               g - ring of magical power

@: mighty, very slightly contaminated, hasted, very quick
A: high mp 1
a: no special abilities


You were in a bailey.
You were not hungry.

You visited 1 branch of the dungeon, and saw 7 of its levels.
You also visited: Bailey.

You collected 175 gold pieces.

Inventory:

Hand Weapons
 e - a +1 dagger
 x - the +3 short sword "Worhamm" (weapon) {freeze, Int+3 Dex+4 Stlth-}
   (You found it on level 6 of the Dungeon)

   It has been specially enchanted to freeze those struck by it, causing extra
   injury to most foes and up to half again as much damage against particularly
   susceptible opponents.
   It can also slow down cold-blooded creatures.
   It affects your intelligence (+3).
   It affects your dexterity (+4).
   It makes you less stealthy.
 y - a +0 long sword
Armour
 d - a +0 robe (worn)
 o - a +0 ring mail
 t - the +7 chain mail of the Sailor {+Blink rPois Dex+2}
   (You found it on level 6 of the Dungeon)

   It affects your dexterity (+2).
   It protects you from poison.
   It lets you blink.
 v - a +0 cloak (worn)
Jewellery
 g - a ring of magical power (left hand)
 p - a ring of fire (right hand)
Scrolls
 c - 2 scrolls of teleportation
 i - a scroll of enchant weapon
 m - a scroll of remove curse
Potions
 z - a potion of haste
Books
 a - a book of Minor Magic

   Spells                             Type                      Level
   a - Magic Dart                     Conjuration                  1
   b - Blink                          Translocation                2
   c - Call Imp                       Summoning                    2
   d - Slow                           Hexes                        2
   e - Conjure Flame                  Conjuration/Fire             3
   f - Mephitic Cloud                 Conjuration/Poison/Air       3
 b - Xaem's Compendium of Earth

   Spells                             Type                      Level
   a - Sandblast                      Earth                        1
   b - Stone Arrow                    Conjuration/Earth            3
Comestibles
 f - 3 bread rations


   Skills:
 - Level 0.1 Fighting
 - Level 3.0 Long Blades
 - Level 1.8 Armour
 - Level 1.0 Stealth
   Level 1.0 Shields
 - Level 3.6 Spellcasting
 * Level 2.2 Conjurations
   Level 1.0 Charms
   Level 1.0 Summonings
   Level 1.7 Fire Magic
 * Level 1.8 Air Magic
 - Level 5.8 Earth Magic
 * Level 2.0 Poison Magic


You had 4 spell levels left.
You knew the following spells:

 Your Spells              Type           Power        Failure   Level  Hunger
a - Sandblast             Erth           ####..       1%          1    None
c - Stone Arrow           Conj/Erth      ###...       10%         3    ###....
d - Blink                 Tloc           N/A          21%         2    ##.....
e - Mephitic Cloud        Conj/Pois/Air  ##......     17%         3    ###....


Dungeon Overview and Level Annotations

Branches:
Dungeon (7/15)             Temple (0/1) D:5

Annotations:
D:6 HEYYEYAAE's ghost, novice VSCK


Innate Abilities, Weirdness & Mutations

You have an increased reservoir of magic. (+10% MP)


Message History

The orc misses you.
The orc hits you from afar with a halberd.
Unknown command.
The orc is engulfed in noxious fumes.
The orc appears confused.
The orc hits you with a halberd!
* * * LOW HITPOINT WARNING * * *
Unknown command.
Unknown command.
You barely miss the orc. The orc barely misses you.
The orc hits the orc but does no damage.
The orc barely misses you. x3
Unknown command.
You puncture the orc! You freeze the orc.
You kill the orc!
The orc hits you but does no damage. The orc misses you.
Unknown command.
You hit the orc but do no damage.
The orc is lightly wounded.
The orc hits you from afar with a halberd!
You die...

#.......#
#.......#
#.......#
#.......#
#o......#
#...)...#
#..o....#
#§ooo)o∩#
#..o@...#
##..∩..##
#######


You could see 7 orcs.

Vanquished Creatures
  A hippogriff (D:7)
  2 phantoms
  A centaur (D:7)
  3 bullfrogs
  A scorpion (D:6)
  A crimson imp (D:6)
  A hound (D:6)
  A gnoll shaman (D:7)
  A worker ant (D:6)
  An iguana (D:6)
  2 adders (D:3)
  7 gnolls
  A shadow imp (D:6)
  An adder zombie (D:7)
  2 dart slugs (D:2)
  4 orcs (Bailey)
  4 ball pythons
  2 bats
  A giant cockroach (D:6)
  6 hobgoblins
  2 jackals (D:7)
  5 quokkas
  3 frilled lizards
  4 goblins
  A quokka zombie (D:5)
  2 rats (D:3)
60 creatures vanquished.

Notes
Turn   | Place    | Note
-------+----------+-------------------------------------------
     0 | D:1      | 4thArraOfDagon the Demigod Wanderer began the quest for the Orb.
     0 | D:1      | 4thArraOfDagon set off with: a book of Minor Magic, Xaem's Compendium of Earth, a potion of lignification, a +0 robe, a +0 dagger, a bread ration
     0 | D:1      | Reached XP level 1. HP: 14/14 MP: 7/7
     0 | D:1      | Identified Xaem's Compendium of Earth
     9 | D:1      | Learned a level 1 spell: Sandblast
    88 | D:2      | Learned a level 1 spell: Magic Dart
    91 | D:2      | You fall through a shaft!
   215 | D:3      | Reached skill level 1 in Earth Magic
   269 | D:3      | Reached XP level 2. HP: 13/20 MP: 6/9
   360 | D:3      | Reached skill level 2 in Earth Magic
   510 | D:2      | Reached XP level 3. HP: 14/26 MP: 10/10
   603 | D:3      | Learned a level 3 spell: Stone Arrow
   606 | D:3      | Learned a level 2 spell: Blink
   795 | D:3      | Reached skill level 3 in Earth Magic
   853 | D:4      | You fall through a shaft for 2 floors!
   858 | D:6      | Got a steaming chain mail
   874 | D:6      | Identified the +7 chain mail of the Sailor {+Blink rPois Dex+2} (You found it on level 6 of the Dungeon)
   896 | D:6      | Reached XP level 4. HP: 33/33 MP: 12/12
   899 | D:6      | Noticed a bullfrog
  1112 | D:5      | Entered Level 5 of the Dungeon
  1234 | D:6      | Noticed a phantom
  1238 | D:6      | Got an iridescent short sword
  1239 | D:6      | Identified the cursed +3 short sword "Worhamm" {freeze, Int+3 Dex+4 Stlth-} (You found it on level 6 of the Dungeon)
  1252 | D:6      | Killed a phantom
  1252 | D:6      | Reached skill level 4 in Earth Magic
  1252 | D:6      | Reached XP level 5. HP: 33/38 MP: 13/13
  1296 | D:6      | Reached skill level 5 in Earth Magic
  1317 | D:6      | Reached XP level 6. HP: 41/45 MP: 14/14
  1383 | D:5      | Found a shadowy altar of Dithmenos.
  1399 | D:5      | Found a staircase to the Ecumenical Temple.
  1412 | D:5      | Found a blossoming altar of Fedhas.
  1412 | D:5      | Found a shimmering altar of Xom.
  1558 | D:6      | Noticed HEYYEYAAE's ghost (novice VSCK)
  1572 | D:7      | Found a sparkling altar of Nemelex Xobeh.
  1582 | D:7      | Reached skill level 1 in Long Blades
  1584 | D:7      | Reached skill level 1 in Armour
  1640 | D:7      | Learned a level 3 spell: Mephitic Cloud
  1698 | D:6      | HP: 2/45 [poisoned by a scorpion]
  1718 | D:7      | Noticed a hippogriff
  1727 | D:7      | Killed a hippogriff
  1727 | D:7      | Reached skill level 1 in Conjurations
  1727 | D:7      | Reached skill level 1 in Air Magic
  1727 | D:7      | Reached skill level 1 in Poison Magic
  1727 | D:7      | Reached XP level 7. HP: 18/50 MP: 9/15
  1848 | D:7      | Found a flagged portal.
  1850 | D:7      | HP: 1/50 [centaur/arrow (7)]
  1851 | Bailey   | Entered a bailey
  2185 | Bailey   | Mangled by an orc

Vault maps used:
D:1:      minmay_arrival_shattered_statue, minmay_misc_feat_pillars
D:2:      first_bread, grunt_dithmenos_smoke_and_mirrors
D:4:      uniq_natasha
D:5:      grunt_temple_overflow_open, minmay_temple_entry_junction,
          nicolae_underground_beach, uniq_duvessa
D:6:      tso_altar, item_on_display_a
D:7:      kennysheep_little_box, enter_bailey_2,
          nemelex_xobeh_ov_fountains_minmay
Bailey:   bailey_polearm_5, bailey

Skill      XL: |  1  2  3  4  5  6  7 |
---------------+----------------------+-----
Earth Magic    | 1 2 3 4 5 |  5.8
Long Blades    | 2 3 |  3.0
Armour         | 1 |  1.8
Conjurations   | 1 2 |  2.2
Air Magic      | 1 |  1.8
Poison Magic   | 1 2 |  2.0
Fighting       | |  0.1
Stealth        | |  1.0
Shields        | |  1.0
Spellcasting   | |  3.6
Charms         | |  1.0
Summonings     | |  1.0
Fire Magic     | |  1.7

Action                   |  1- 3 |  4- 6 |  7- 9 || total
-------------------------+-------+-------+-------++-------
Melee: Dagger            |    27 |       |       ||    27
       Short sword       |       |    27 |    23 ||    50
 Cast: Magic Dart        |    29 |       |       ||    29
       Sandblast         |    30 |    55 |    11 ||    96
       Mephitic Cloud    |       |       |     3 ||     3
  Use: Scroll            |       |     4 |     7 ||    11
       Potion            |       |     3 |     4 ||     7
 Stab: Sleeping          |     1 |       |       ||     1
  Eat: Chunk             |       |     2 |     1 ||     3
       Royal jelly       |       |       |     1 ||     1
Armor: Robe              |     4 |       |     5 ||     9
       Ring mail         |     8 |    14 |    17 ||    39
       Skin              |       |    11 |     2 ||    13
Dodge: Dodged            |    21 |    34 |    42 ||    97
